 Dungeon Sprint DCSS version 0.17-a0-1748-g222fba8 (webtiles) character file.

132 KambridgeKobold the Covert (level 4, 0/39 HPs)
             Began as a Spriggan Assassin on Sept 1, 2015.
             Succumbed to a killer bee's poison
             ... in the Dungeon (Sprint IV: "Fedhas' Mad Dash").
             The game lasted 00:02:07 (148 turns).

KambridgeKobold the Covert (Spriggan Assassin)       Turns: 148, Time: 00:02:07

Health: 0/39       AC:  3    Str: 13    XL:     4   Next: 92%
Magic:  5/5        EV: 22    Int: 12    God:
Gold:   54         SH:  0    Dex: 17    Spells: 0 memorised, 3 levels left

rFire  . . .     SeeInvis +     a - +2 dagger
rCold  . . .     Clarity  .     c - +0 robe
rNeg   . . .     SustAt   .     (shield restricted)
rPois  .         Gourm    .     (helmet restricted)
rElec  .         Spirit   .     d - +0 cloak
rCorr  .         Warding  .     (gloves unavailable)
rMut   .         NoTele   +     (boots unavailable)
MR     .....                    (no amulet)
Stlth  ..........               (no ring)
                                n - ring of invisibility

@: berserking, lethally poisoned (0 -> -22), very quick, not resistant to
hostile enchantments, extremely unstealthy
A: unfitting armour, see invisible, herbivore 3, speed 3, slow metabolism 2
a: Evoke Invisibility


You were in the Dungeon.
You were not hungry.

You visited 1 branch You collected 54 gold pieces.

Inventory:

Hand weapons
 a - a +2 dagger (weapon)
 b - a +0 blowgun
Missiles
 e - 8 poisoned needles
 f - 2 curare-tipped needles
Armour
 c - a +0 robe (worn)
 d - a +0 cloak (worn)
Jewellery
 n - a ring of invisibility (left hand)
Scrolls
 m - a scroll of blinking
Potions
 h - 2 potions of curing
 i - a potion of heal wounds
 j - a potion of haste
 k - 2 potions of magic
Comestibles
 g - a bread ration


   Skills:
 + Level 4.6 Fighting
 + Level 6.3 Short Blades
 - Level 2.1 Throwing
 + Level 6.2 Dodging
 - Level 9.1 Stealth


You had 3 spell levels left.
You didn't know any spells.

Dungeon Overview and Level Annotations

Branches:
Dungeon (1/1)

Altars:


Innate Abilities, Weirdness & Mutations

You are tiny and cannot use many weapons and most armour.
You have supernaturally acute eyesight.
You are a herbivore.
You cover ground extremely quickly.
You need consume almost no food.


Message History

You feel sick. The killer bee misses you. The killer bee completely misses you.
Drink which item? (? for menu, Esc to quit)
A red film seems to cover your vision as you go berserk!
You feel yourself moving faster!
You feel mighty! The killer bee misses you. The killer bee stings you!
* * * LOW HITPOINT WARNING * * *
You are lethally poisoned!
The killer bee poisons you!
You puncture the killer bee!
You kill the killer bee!
Your Fighting skill increases to level 4!
Your Short Blades skill increases to level 6!
Your Dodging skill gained 2 levels and is now at level 6!
* * * LOW HITPOINT WARNING * * *
You feel sick. The killer bee stings you!
* * * LOW HITPOINT WARNING * * *
You are more poisoned.
The killer bee poisons you!
You miss the killer bee.
You die...

##################
#<..P#....%#.....#
#PP..'.....'.#((.+
#PPPP#...†.#.#...#
###############+##
♣......yyy@..#
#%.....♣....y#...#
#.....♣..♣..######
##+####+#####


You could see a queen bee and 3 killer bees.

Vanquished Creatures
  A killer bee (D)
  A worker ant (D)
  2 oklob saplings (D)
  A river rat (D)
  A rat (D)
6 creatures vanquished.

Notes
Turn   | Place    | Note
--------------------------------------------------------------
     0 | D        | KambridgeKobold the Spriggan Assassin began the quest for the Orb.
     0 | D        | Reached XP level 1. HP: 10/10 MP: 2/2
     8 | D        | Reached skill level 7 in Stealth
     8 | D        | Reached XP level 2. HP: 13/15 MP: 3/3
    20 | D        | Noticed an oklob sapling
    23 | D        | Killed an oklob sapling
    23 | D        | Reached skill level 9 in Stealth
    23 | D        | Reached XP level 3. HP: 15/19 MP: 4/4
    25 | D        | Noticed a worker ant
    28 | D        | Killed a worker ant
   103 | D        | Noticed an oklob sapling
   106 | D        | Killed an oklob sapling
   106 | D        | Reached skill level 5 in Short Blades
   106 | D        | Reached XP level 4. HP: 23/25 MP: 5/5
   119 | D        | Noticed a queen bee
   119 | D        | Noticed a killer bee
   120 | D        | Noticed a killer bee
   121 | D        | Noticed a killer bee
   123 | D        | Noticed a killer bee
   147 | D        | Killed a killer bee
   147 | D        | HP: 1/39 [killer bee (7)]
   148 | D        | Succumbed to a killer bee's poison

Vault maps used:
D:        dungeon_sprint_fedhas

Action                   |  1- 3 |  4- 6 || total
-------------------------+-------+-------++-------
Melee: Dagger            |     6 |    18 ||    24
  Use: Potion            |       |     1 ||     1
 Stab: Sleeping          |     4 |       ||     4
